 Dungeon Crawl Stone Soup version 0.28.0-43-g3370ac3207 (webtiles) character file.

Game seed: 8284929887907001344

21 adizb the Skirmisher (level 2, -3/27 HPs)
             Began as a Draconian Monk on Mar 7, 2022.
             Shot with a stone by a goblin (6 damage)
             ... on level 4 of the Dungeon.
             The game lasted 00:03:45 (693 turns).

adizb the Skirmisher (Draconian Monk)                Turns: 693, Time: 00:03:46

Health: -3/27      AC:  4    Str: 13    XL:     2   Next: 65%
Magic:  2/2        EV: 12    Int: 10    God:
Gold:   66         SH:  0    Dex: 13    Spells: 1/1 levels left

rFire   . . .      SeeInvis .   a - +0 spear
rCold   . . .      Faith    .   (no shield)
rNeg    . . .      Spirit   .   (armour unavailable)
rPois   .          Reflect  .   (helmet restricted)
rElec   .          Harm     .   (no cloak)
rCorr   .          Rampage  .   (no gloves)
Will    .....                   (no boots)
Stlth   ++........              (no amulet)
HPRegen 0.09/turn               (no ring)
MPRegen 0.08/turn               (no ring)

@: no status effects
A: AC +4, unfitting armour, cold-blooded
a: no special abilities


You were on level 4 of the Dungeon.
You visited 1 branch of the dungeon, and saw 3 of its levels.

You collected 66 gold pieces.

Inventory:

Hand Weapons
 a - a +0 spear (weapon)
Missiles
 b - a javelin (quivered)
Jewellery
 c - an amulet of guardian spirit
Scrolls
 d - a scroll of identify {unknown}
 e - a scroll of teleportation {unknown}


   Skills:
 + Level 3.6 Fighting
 + Level 3.3 Polearms
 + Level 3.0 Dodging
 - Level 1.7 Stealth


You had one spell level left.
You didn't know any spells.
Your spell library contained the following spells:

 Spells                   Type           Power      Damage    Failure   Level
 Static Discharge         Conj/Air       0%         N/A       50%         2
 Lightning Bolt           Conj/Air       0%         1d11      100%        5
 Maxwell's Capacitive Co  Air            0%         ∞         100%        8


Dungeon Overview and Level Annotations

Branches:
Dungeon (2/15)

Altars:


Innate Abilities, Weirdness & Mutations

Your plain brown scales are hard. (AC +4)
You cannot fit into any form of body armour.
You are cold-blooded and may be slowed by cold attacks.


Message History

You barely miss something. Something hits you.
You closely miss something. Something hits you.
You barely miss something.
Your tail-slap misses something.
Something hits you but does no damage.
You closely miss something. Something hits you but does no damage.
You hit something but do no damage. Something hits you.
* * * LOW HITPOINT WARNING * * *
You miss something. You tail-slap something.
You hear some strange, mumbled words.
You are confused.
A goblin comes into view. It is wielding a +0 dagger.
The goblin shouts!
The goblin unwields a +0 dagger.
The goblin wields a +0 hunting sling.
The goblin shoots a stone.
The stone barely misses you.
The goblin unwields a +0 hunting sling.
The goblin wields a +0 dagger.
The goblin hits you with a +0 dagger.
* * * LOW HITPOINT WARNING * * *
The goblin unwields a +0 dagger.
The goblin wields a +0 hunting sling.
The goblin shoots a stone.
The stone closely misses you. Something hits you but does no damage.
The goblin shoots a stone.
The stone closely misses you. Something hits you but does no damage.
You hit something but do no damage.
The goblin shoots a stone.
Something hits you but does no damage.
You miss something.
You feel less confused.
The goblin shoots a stone.
The stone hits you but does no damage. Something hits you.
* * * LOW HITPOINT WARNING * * *
Something hits you.
* * * LOW HITPOINT WARNING * * *
The goblin unwields a +0 hunting sling.
The goblin wields a +0 dagger.
The goblin completely misses you.
The goblin unwields a +0 dagger.
The goblin wields a +0 hunting sling.
The goblin shoots a stone.
The stone hits you but does no damage.
You aren't carrying any potions.
Okay, then.
The goblin shoots a stone.
The goblin shoots a stone.
The stone hits you.
You die...

### ##
##.########### .#
##)...........# .##
##..##.g......##
..####..###........#
........# ##...?@.##
#.......# ##....##
#...##^..# ##..##
#...###..# ####
#...# #...# #...#
##.... ...#. .....
...... .....


You could see a goblin.

Vanquished Creatures
  A dart slug (D:2)
  An orc (D:4)
  2 ball pythons (D:1)
  2 bats (D:1)
  2 endoplasms (D:1)
  A giant cockroach (D:4)
  2 hobgoblins (D:1)
  A quokka (D:1)
  A frilled lizard (D:1)
  2 goblins (D:1)
15 creatures vanquished.

Notes
Turn   | Place    | Note
-------+----------+-------------------------------------------
     0 | D:1      | adizb the Draconian Monk began the quest for the Orb.
     0 | D:1      | Reached XP level 1. HP: 19/19 MP: 1/1
   203 | D:1      | Reached XP level 2. HP: 22/26 MP: 2/2
   601 | D:2      | You fall into a shaft and drop 2 floors!
   693 | D:4      | Shot with a stone by a goblin

Illustrated notes

Levels and vault maps discovered:
D:1:      dpeg_arrival_simpleton_a, layout_rooms
D:2:      layout_basic, hellmonk_ecumenical_altar_inner_sanctum,
          kennysheep_generic_room_5
D:4:      layout_cave_pods, minmay_temple_entry_offerings, serial_shops,
          nicolae_shop_stone, kennysheep_generic_room_7

Skill      XL: |  1  2 |
---------------+-------+-----
Dodging        | 3 |  3.0
Fighting       | |  3.6
Polearms       | |  3.3
Stealth        | |  1.7

Action                   || total
-------------------------++-------
Melee: Spear             ||    82
       Tailslap          ||     7
Throw: Javelin           ||     2
 Stab: Sleeping          ||     2
Armor: Skin              ||    23
Dodge: Dodged            ||    27
